[Event "NY Presidents Day Schiller-C 2024"]
[Site "New York"]
[Date "2024.02.16"]
[Round "1.1"]
[White "Czebe, Attila"]
[Black "Liu, Kelsey"]
[Result "1-0"]
[ECO "A18"]
[WhiteElo "2346"]
[BlackElo "2004"]
[Annotator "TA"]
[PlyCount "83"]
[EventDate "2024.02.14"]
[EventType "schev"]
[EventCountry "USA"]
[SourceTitle "playchess.com"]
[Source "ChessBase"]
[SourceQuality "1"]
[TimeControl "5400+30"]

1. c4 Nf6 2. Nc3 e6 3. e4 d5 4. e5 Nfd7 5. d4 dxc4 6. Nf3 Nb6 7. Bxc4 Nxc4 8. Qa4+ {[%emt 0:00:06] The position is equal.} Bd7 9. Qxc4 Bc6 10. Bg5 Be7 11. Bxe7 Qxe7 12. Qe2 O-O 13. O-O b6 14. Rad1 Rd8 15. Rfe1 Bb7 16. h3 a5 17. Qe3 Na6 18. a3 Rd7 19. Ng5 Rad8 20. Nge4 Nb8 {[%emt 0:02:53] With the idea ...Nc6.} 21. Rd2 Qh4 22. Red1 h6 23. Ng3 Na6 24. f4 c5 {[%emt 0:11:49] [#]} (24... Nc5 $11 {keeps the balance.}) 25. d5 $1 $16 Bxd5 (25... Nb8 26. d6) 26. Nxd5 (26. Nf5 $1 $16 Qh5 27. Nxd5 exd5 28. g4) 26... exd5 (26... Rxd5 $11 27. Rxd5 Rxd5 28. Rxd5 exd5) 27. Nf5 Qh5 28. g4 Qg6 {[%emt 0:00:56] [#]} 29. Rxd5 {[%emt 0:01:08] White has more active pieces.} Qe6 30. Nd6 (30. Rxd7 $16 Rxd7 31. Rd6 Rxd6 32. exd6) 30... Nc7 $11 31. R5d2 {[%emt 0:00:06] Strongly threatening f5.} f6 32. a4 (32. Kf2 {keeps more tension.} fxe5 33. Qxe5 h5 34. Kf3) 32... Ne8 33. Nxe8 Qxe8 34. Rxd7 Rxd7 35. Rxd7 Qxd7 36. exf6 gxf6 {[%emt 0:00:16][%mdl 4096] Endgame. KQ-KQ} 37. b3 Kf7 38. f5 Qd1+ {[%emt 0:00:43] [#]} (38... Kg7 $11 {remains equal.}) 39. Kf2 (39. Kg2 $1 $16 {Black must now prevent Qe6+.} Qd6 40. Qxh6) 39... Qc2+ $2 (39... Qd6 $11) 40. Kg3 $18 {[%emt 0:00:21] White is clearly winning.} Qb2 41. Qe6+ ({And not} 41. Qxh6 Qxb3+ 42. Kh4 Qc3 $11) 41... Kf8 42. Qxb6 $2 {[%emt 0:03:28][%mdl 32768] Weighted Error Value: White=0.23 (precise) /Black=0.26 (precise) .  Loses game:     	---       	Black=1      Mistake:       	White=3     	Black=3      Inaccurate:     	White=1     	Black=2      OK:         	White=6     	Black=14     Best:        	White=4     	Black=2      Brilliant:      	White=2     	---       . Loss on time!?} (42. Kh4 $18) 1-0

[Event "NY Presidents Day Schiller-C 2024"]
[Site "New York"]
[Date "2024.02.16"]
[Round "1.2"]
[White "Quesada Vera, Liordis"]
[Black "Gaw, Chloe"]
[Result "0-1"]
[ECO "B50"]
[WhiteElo "2337"]
[BlackElo "1928"]
[Annotator "TA"]
[PlyCount "96"]
[EventDate "2024.02.14"]
[EventType "schev"]
[EventCountry "USA"]
[SourceTitle "playchess.com"]
[Source "ChessBase"]
[SourceQuality "1"]
[TimeControl "5400+30"]

1. e4 c5 2. Nf3 d6 3. c3 Nf6 4. Be2 Nbd7 5. Qc2 Qc7 6. O-O e6 7. Re1 Be7 8. Bf1 O-O {[%emt 0:06:22] The position is equal.} 9. a4 b6 10. Na3 a6 11. d4 cxd4 12. Nxd4 Bb7 13. Bf4 Nc5 14. e5 Ng4 15. exd6 Bxd6 16. Nab5 axb5 17. Nxb5 {[%emt 0:00:06] [#]} Bxf4 18. Nxc7 Bxh2+ {[%emt 0:00:24] A strong pair of Bishops.} (18... Bxc7 19. h3 Nf6 20. g3 $15) 19. Kh1 Bxc7 {[%emt 0:00:14] White is weak on the dark squares} 20. Bb5 {[%emt 0:04:03] [#]} (20. f3 $17 Nf6 21. b4) 20... Ne4 21. Re2 (21. f3 $17 Ng3+ 22. Kg1) 21... Rfd8 $19 22. Kg1 Ngf6 (22... Bh2+ $19 {has better winning chances.} 23. Kh1 Bf4) 23. Rae1 $17 Rd6 {[%emt 0:05:23] Black is much more active.} 24. Rxe4 Nxe4 25. Rxe4 Bxe4 26. Qxe4 Rd1+ 27. Bf1 Rad8 28. Qc6 R8d7 29. g3 g6 30. Kg2 R1d6 (30... Bd8 $1 $17 {Threatening ...R1d2.} 31. Qf3 R1d2) 31. Qa8+ $1 $11 Rd8 32. Qb7 R6d7 33. Bb5 Rb8 34. Qe4 Rd2 35. b4 Rbd8 36. Qc6 Be5 37. Qxb6 (37. a5 $11 bxa5 38. bxa5) 37... Bxc3 $15 38. Bc6 {[%emt 0:00:34] [#] Prevents R8d5.} (38. a5 $1 $11) 38... R8d3 (38... Kg7 $1 $19 {Hoping for ...R8d3.} 39. Be4 R8d4) 39. Be4 Rd4 40. Qb8+ Rd8 41. Qb6 Kg7 {[%emt 0:05:30] aiming for ...Bf6.} 42. a5 {[%emt 0:00:52] And now a6 would win.} Rc8 ({Don't play} 42... R8d4 43. Qc7 Bxb4 44. Qe5+ f6 45. Qb8 $11) ({Black should play} 42... R8d6 $1 $15 43. Qb8 e5) 43. Qb7 $2 (43. Qe3 $1 $11 {and White stays safe.}) 43... Rc4 $19 44. a6 {[%emt 0:00:35] Black must now prevent a7.} Rxb4 45. a7 $2 (45. Qc7 Bd4 46. Kh3) 45... Rxb7 {[%emt 0:00:28] Black is clearly winning.} 46. Bxb7 {[%emt 0:00:02] [#]} Rxf2+ $3 47. Kxf2 (47. Kh3 Ra2) 47... Bd4+ 48. Kf3 Bxa7 {[%emt 0:00:06] Weighted Error Value: White=0.42/Black=0.26 (precise) .  Loses game:     	White=2     	---        Missed win:     	---       	Black=1      Mistake:       	White=4     	Black=4      Inaccurate:     	White=2     	Black=1      OK:         	White=8     	Black=16     Best:        	White=6     	Black=7      Strong:       	White=1     	---} 0-1

[Event "NY Presidents Day Schiller-C 2024"]
[Site "New York"]
[Date "2024.02.16"]
[Round "1.3"]
[White "Perez Avendano, Paul Omar"]
[Black "Mou, Iris"]
[Result "1/2-1/2"]
[ECO "D11"]
[WhiteElo "2213"]
[BlackElo "2128"]
[Annotator "RC"]
[PlyCount "52"]
[EventDate "2024.02.14"]
[EventType "schev"]
[EventCountry "USA"]
[SourceTitle "playchess.com"]
[Source "ChessBase"]
[SourceQuality "1"]
[TimeControl "5400+30"]

1. Nf3 d5 2. g3 Bg4 3. Bg2 e6 4. c4 c6 5. O-O Nf6 6. d4 Bd6 7. b3 O-O 8. Bb2 Nbd7 9. Nbd2 Qc7 10. Rc1 Rfe8 11. a3 a5 12. Re1 Ne4 13. Nxe4 dxe4 14. Ng5 f5 15. d5 e5 16. Ne6 Qb6 17. h3 Bh5 18. g4 e3 19. f4 fxg4 20. fxe5 Bxe5 21. Bxe5 Nxe5 22. c5 Qa7 23. Nc7 gxh3 24. Bxh3 Qb8 25. Nxe8 Nf3+ 26. exf3 Qg3+ 1/2-1/2

[Event "NY Presidents Day Schiller-C 2024"]
[Site "New York"]
[Date "2024.02.16"]
[Round "1.4"]
[White "Andrianov, Nikolai"]
[Black "Shangin, Lev"]
[Result "1-0"]
[ECO "A06"]
[WhiteElo "2266"]
[BlackElo "1866"]
[Annotator "TA"]
[PlyCount "67"]
[EventDate "2024.02.14"]
[EventType "schev"]
[EventCountry "USA"]
[SourceTitle "playchess.com"]
[Source "ChessBase"]
[SourceQuality "1"]
[TimeControl "5400+30"]

1. Nf3 Nf6 2. b3 d5 3. Bb2 Bf5 4. c4 e6 5. Nh4 Bg4 6. h3 Bh5 7. g3 Be7 8. Bg2 {[%emt 0:00:30] Die Stellung ist ausgeglichen.} O-O 9. O-O c6 10. d3 Nbd7 11. Nd2 a5 12. a3 Qc7 13. g4 Ne8 14. Nf5 exf5 15. gxh5 dxc4 16. bxc4 h6 17. e3 Bf6 18. d4 c5 $1 19. Qf3 Nd6 20. Rab1 Rab8 21. Qg3 {[%emt 0:00:30] Droht dxc5 und aus.} b6 22. Rfd1 Ne8 (22... Rfc8 $11 {hält das Gleichgewicht.}) 23. Qxc7 $16 Nxc7 24. Bc6 Rbd8 (24... Rfd8 $16 {war nötig.}) 25. d5 $18 Bxb2 26. Rxb2 Na8 27. Nf3 {[%emt 0:00:30][%cal Bd2f3,Bf3h4,Bh4g2][%mdl 32] Schwarz ist schwach auf den weissen Feldern} Rfe8 28. Nh4 Re5 29. Rb3 f4 30. exf4 Rxh5 31. Ng2 Rf5 (31... Nf6 $142 32. d6 Kf8) 32. Re1 Kf8 {[%emt 0:00:30] [#]} 33. Rbe3 $1 {[%emt 0:00:30] Bxd7 wäre nun fies.} Rf6 $2 (33... Nf6 {war einen Versuch wert.} 34. Re7 b5 35. Bxb5 g5) 34. Bxd7 {[%emt 0:00:30] Gewichteter Fehlerwert: Weiß=0.05 (makellos) /Schwarz=0.28 (präzise) .  Fehler:       	---       	Schwarz=4     Ungenau:       	Weiß=1     	Schwarz=1     OK:         	Weiß=13    	Schwarz=12    Bester:       	Weiß=3     	---        Stark:        	Weiß=1     	Schwarz=1} 1-0

[Event "NY Presidents Day Schiller-C 2024"]
[Site "New York"]
[Date "2024.02.16"]
[Round "1.5"]
[White "Plat, Vojtech"]
[Black "Pagan, Jonathan"]
[Result "1-0"]
[ECO "C45"]
[WhiteElo "2516"]
[BlackElo "2018"]
[Annotator "TA"]
[PlyCount "41"]
[EventDate "2024.02.14"]
[EventType "schev"]
[EventCountry "USA"]
[SourceTitle "playchess.com"]
[Source "ChessBase"]
[SourceQuality "1"]
[TimeControl "5400+30"]

1. e4 e5 2. Nf3 Nc6 3. d4 exd4 4. Nxd4 Nf6 5. Nxc6 bxc6 6. e5 Qe7 7. Qe2 Nd5 8. c4 Nb6 9. b3 a5 10. Nc3 (10. Ba3 $11 Qe6 11. Bxf8 Rxf8 12. Nc3) 10... a4 $15 {[%emt 0:01:10] ...axb3 would now be deadly.} 11. Rb1 axb3 12. axb3 {[%emt 0:00:07] Black has an edge.} Qe6 13. Bd2 Bb4 14. Qe4 d5 15. exd6 cxd6 16. Be2 d5 $2 {[%emt 0:14:34] [#]} (16... O-O $11 {and Black has nothing to worry.} 17. O-O (17. Qxc6 Re8 $14) 17... Qxe4 18. Nxe4 Bxd2 19. Nxd2 Bf5) 17. Qd4 $1 $18 Qf6 (17... O-O {is a better defense.}) 18. Qxb6 Bxc3 19. Qe3+ Be5 20. f4 Bf5 21. Rc1 {[%emt 0:01:00] Weighted Error Value: White=0.14 (very precise) /Black=0.64.  Loses game:     	---       	Black=1      Mistake:       	---       	Black=1      Inaccurate:     	---       	Black=1      OK:         	White=4     	Black=5      Best:        	White=3     	Black=1} (21. Qxe5+ $2 {loses.} Qxe5 22. fxe5 Bxb1 $19) 1-0

[Event "NY Presidents Day Schiller-C 2024"]
[Site "New York"]
[Date "2024.02.16"]
[Round "1.6"]
[White "Ho, Carter"]
[Black "Martin Del Campo Cardenas, Roberto Abel"]
[Result "1-0"]
[ECO "B56"]
[WhiteElo "2180"]
[BlackElo "2205"]
[Annotator "RC"]
[PlyCount "61"]
[EventDate "2024.02.14"]
[EventType "schev"]
[EventCountry "USA"]
[SourceTitle "playchess.com"]
[Source "ChessBase"]
[SourceQuality "1"]
[TimeControl "5400+30"]

1. e4 c5 2. Nf3 d6 3. d4 cxd4 4. Nxd4 Nf6 5. Nc3 e5 6. Nb3 Be7 7. f3 O-O 8. Be3 a5 9. Bb5 Be6 10. g4 d5 11. g5 d4 12. gxf6 Bxf6 13. Bf2 dxc3 14. Qxd8 Rxd8 15. bxc3 Rc8 16. Nc5 Bh3 17. Rg1 Rc7 18. Rd1 g6 19. Na4 Bd7 20. c4 Ra6 21. Nb6 Rxb6 22. Bxb6 Bh4+ 23. Rg3 Bxb5 24. Bxc7 Na6 25. cxb5 Nxc7 26. b6 Ne6 27. Rd7 Nd8 28. Kd1 Kf8 29. Rh3 Ke8 30. Rc7 Bf6 31. Rxh7 1-0

[Event "NY Presidents Day Schiller-C 2024"]
[Site "New York"]
[Date "2024.02.16"]
[Round "1.7"]
[White "Tang, Benjamin"]
[Black "Podavonov, Alisher"]
[Result "1-0"]
[ECO "B12"]
[WhiteElo "2167"]
[BlackElo "2175"]
[Annotator "RC"]
[PlyCount "119"]
[EventDate "2024.02.14"]
[EventType "schev"]
[EventCountry "USA"]
[SourceTitle "playchess.com"]
[Source "ChessBase"]
[SourceQuality "1"]
[TimeControl "5400+30"]

1. e4 c6 2. d4 d5 3. e5 Bf5 4. h4 h5 5. Bd3 Bxd3 6. Qxd3 e6 7. Nf3 Qa5+ 8. Nbd2 Qa6 9. c4 Bb4 10. O-O Nd7 11. b3 Ne7 12. Rd1 Nb6 13. Qc2 Bxd2 14. Nxd2 Nf5 15. Bb2 Nxh4 16. a4 Rd8 17. a5 Nc8 18. Ba3 Rh6 19. Nf1 Nf5 20. Ne3 Nxe3 21. fxe3 Qxa5 22. Bf8 Qxa1 23. Rxa1 Kxf8 24. Qc3 Rd7 25. b4 dxc4 26. Qxc4 a6 27. b5 axb5 28. Qc5+ Ke8 29. Ra8 Rd8 30. Rb8 Ne7 31. Rxb7 Rd7 32. Rb8+ Rd8 33. Rb6 f5 34. Qa3 Rh7 35. Rb7 g5 36. Qa2 Kf7 37. Qa7 Ke8 38. Rb6 Rf7 39. Qa2 Nd5 40. Rxc6 Re7 41. Qe2 b4 42. Qxh5+ Kd7 43. Ra6 Rc8 44. Rd6+ Kc7 45. Qe2 Kb8 46. Qa2 Ra7 47. Qb3 Re7 48. Rxd5 exd5 49. Qxb4+ Rb7 50. Qd6+ Ka7 51. Qxd5 g4 52. Kf2 f4 53. exf4 Kb8 54. Kg3 Rc3+ 55. Kxg4 Rg7+ 56. Kf5 Rcg3 57. e6 Kc7 58. Qc5+ Kd8 59. Qf8+ Kc7 60. e7 1-0

[Event "NY Presidents Day Schiller-C 2024"]
[Site "New York"]
[Date "2024.02.16"]
[Round "1.8"]
[White "Meduri, Aakaash"]
[Black "Lapshun, Yury"]
[Result "0-1"]
[ECO "A07"]
[WhiteElo "1956"]
[BlackElo "2337"]
[Annotator "TA"]
[PlyCount "120"]
[EventDate "2024.02.14"]
[EventType "schev"]
[EventCountry "USA"]
[SourceTitle "playchess.com"]
[Source "ChessBase"]
[SourceQuality "1"]
[TimeControl "5400+30"]

1. Nf3 d5 2. g3 c6 3. Bg2 Nf6 4. O-O Bf5 5. b3 e6 6. Bb2 Nbd7 7. d3 Be7 8. Nbd2 O-O 9. Qe1 {[%emt 0:02:03] Die Stellung ist ausgeglichen.} h6 10. e4 dxe4 11. dxe4 Bh7 12. Rd1 Qc7 13. e5 Nd5 14. c4 (14. Ne4 $11) 14... Nb4 $15 {[%emt 0:00:49][%cal Ob4d3] Droht ...Nd3! und aus.} 15. Ne4 Bxe4 16. Qxe4 Nxa2 17. Nd4 Rfd8 18. f4 Nc5 (18... Bc5 {vereinfacht} 19. Kh1 Nf8 20. f5 Bxd4 21. Rxd4 Rxd4 22. Bxd4 exf5 23. Qxf5 b6) 19. Qb1 Nb4 (19... Qa5 $1 $11) 20. f5 $1 $14 Bg5 (20... Qxe5 $2 21. Rde1 Qd6 22. fxe6 fxe6 (22... Nxe6 $2 23. Nxe6 Nd3 24. Nxd8 $18) 23. Qg6 $18) (20... exf5 $11 21. Qxf5 Rf8) 21. fxe6 fxe6 22. Qg6 Qe7 23. Bh3 {[%emt 0:05:02][%cal Rd4e6] Ein starkes Läuferpaar.} Be3+ 24. Kg2 $1 Qe8 25. Bxe6+ Nxe6 26. Qxe6+ Qxe6 27. Nxe6 Rd3 28. Ba3 Rxd1 29. Rxd1 Nc2 30. Bd6 (30. Bb2 $1 $16 {Und jetzt Rd7 wäre schön.} Re8 31. Rd6) 30... Bb6 {[%emt 0:00:54] ...Ne3+ wäre nun fies.} 31. Kf3 Re8 32. Nc7 ({Vorzuziehen ist} 32. Rc1 $16) 32... Rc8 $11 33. Ne6 Kf7 $2 (33... Re8 $11 34. Rc1 Nb4 (34... Kf7 35. Ng5+ hxg5 36. Rxc2 $16)) 34. Nc5 $18 Bxc5 35. Bxc5 $16 {[%emt 0:00:00][%mdl 4096] Endspiel. Zielt auf Rd7+ ab. KRB-KRN} b6 36. Rd7+ Kg6 37. Bf2 Rf8+ 38. Ke2 Re8 (38... Rf7 $16 {war nötig.} 39. Rd6+ Kf5) 39. Kd2 $18 (39. Rxa7 Rxe5+ 40. Kd2 b5 (40... c5 $2 41. Ra6 $18)) 39... Rf8 (39... Na1 {ist eine bessere Verteidigung.}) 40. Bxb6 (40. Rd6+ $1 $18 Kg5 41. Bxb6 axb6 42. Kxc2 Rf2+ 43. Kd3 Rxh2 44. Rxc6) 40... axb6 $16 41. Kxc2 $18 {[%emt 0:00:00] Schwarz muss nun Rd6+ beachten. KR-KR} Rf2+ 42. Kc3 (42. Kd3 $1 $16) 42... Rxh2 $2 (42... c5 $1 $14) 43. Rd6+ Kf5 $2 (43... Kf7 44. Rxc6 Rh3) 44. Rxc6 Rh3 45. Rxb6 Rxg3+ 46. Kd4 h5 (46... Rg1 $142 47. b4 Rd1+ 48. Kc5 Re1) 47. c5 {[%emt 0:00:00] Droht stark c6.} (47. e6 Kf6 $11) 47... Rg1 48. e6 $2 ({Weiss braucht} 48. c6 $18) 48... h4 $2 {[%emt 0:00:45][%mdl 8192] [#]} (48... Kf6 $1 $14) 49. e7 $1 Rd1+ 50. Kc4 Re1 51. Rb7 ({Günstiger ist} 51. c6 $18 {Und c7 würde nun gewinnen.} Rxe7 52. Rb7) 51... Kf6 $1 $11 52. c6 h3 $1 {[%emt 0:02:14][%cal Oh3h2] ( -> ...h2!)} 53. c7 $2 (53. Rb8 $11 Kxe7 54. Rh8) 53... h2 $1 $19 54. Kb5 h1=Q (54... h1=R $2 55. c8=Q (55. c8=R Rxe7 56. Rb6+ Kf7 $11) 55... Rh5+ 56. Kb6 $18) 55. c8=Q {[%emt 0:00:21] Pariert Qxb7+.} Qd5+ (55... Rxe7 56. Qf8+ Kg6 57. Rb6+ (57. Rxe7 Qd5+ 58. Ka4 Qc6+ 59. Kb4 Qb6+ 60. Kc4 Qa6+ 61. Kb4 Qb6+ 62. Kc3 Qc5+ 63. Kd2 Qd4+ 64. Ke1 Qb4+ 65. Kf1 Qd4 $18) 57... Kg5 58. Qxe7+ Kh5 59. Qe8+ (59. Qxg7 Qf1+ 60. Ka5 Qe1+ 61. Ka4 Qd2 62. Qg6+ Kh4 63. Rb4+ Kh3 64. Qh5+ Kg2) 59... Kg4 60. Rg6+ Kf4 61. Qf7+ (61. Rxg7 Qd5+ 62. Ka6 Qd3+ 63. Qb5 Qd6+ 64. Kb7 Qf6 65. Qc4+ Ke5) 61... Ke3 62. Re6+ (62. Qxg7 Qh5+ 63. Kb6 Qd5 $18) (62. Qxg7 Qd5+ 63. Ka6 Qd3+ 64. Ka7 Qf5 $18)) 56. Kb6 Qd4+ $2 ({Schlechter ist} 56... Rxe7 57. Qc3+ (57. Qf8+ Qf7 $11) 57... Qe5 58. Qf3+ Ke6 59. Qg4+ Kf6 60. Qf3+ Ke6 61. Qc6+ Kf7 62. Qc4+ Kf8 63. Rxe7 Qd6+ 64. Ka5 Kxe7 65. Qe2+ Kd8 66. Qc4 $11) (56... Qxb3+ $19 57. Ka7 Qa3+ (57... Rxe7 58. Qf8+ Qf7 59. Qd8 $17) 58. Kb8 Qd6+ (58... Rxe7 59. Qf8+ Ke6 60. Rb6+ Ke5 61. Rb5+ Kd6 62. Qf4+ Kd7 63. Qc7+ Ke8 64. Qc6+ Rd7 65. Re5+ $18) 59. Qc7 Qxc7+ (59... Qxe7 60. Qf4+ Kg6 61. Rxe7 $18) 60. Rxc7 Rxe7 61. Rc6+ Re6) 57. Ka6 $2 {[%emt 0:00:43][%mdl 8192] [#]} (57. Qc5 $15 Re6+ 58. Kb5) 57... Ra1+ $1 {[%emt 0:00:39] Schwarz setzt Matt.} 58. Kb5 Qd5+ 59. Kb6 Qa5+ 60. Kc6 Rc1+ {[%emt 0:00:06] Gewichteter Fehlerwert: Weiß=0.76/Schwarz=0.41.  Verlustzug:     	Weiß=1     	Schwarz=3     Gewinn verpasst:   	Weiß=2     	---        Fehler:       	Weiß=5     	Schwarz=6     Ungenau:       	Weiß=3     	Schwarz=5     OK:         	Weiß=11    	Schwarz=18    Bester:       	Weiß=10    	Schwarz=5     Stark:        	Weiß=3     	Schwarz=3} 0-1

[Event "NY Presidents Day Schiller-C 2024"]
[Site "New York"]
[Date "2024.02.16"]
[Round "1.9"]
[White "Yoo, Eugene"]
[Black "Campos Jimenez, Augusto Cesar"]
[Result "1/2-1/2"]
[ECO "D11"]
[WhiteElo "2168"]
[BlackElo "2288"]
[Annotator "TA"]
[PlyCount "94"]
[EventDate "2024.02.14"]
[EventType "schev"]
[EventCountry "USA"]
[SourceTitle "playchess.com"]
[Source "ChessBase"]
[SourceQuality "1"]
[TimeControl "5400+30"]

1. d4 d5 2. Nf3 Nf6 3. g3 Bf5 4. c4 c6 5. Nc3 e6 6. Nh4 Be4 7. f3 Bg6 8. Qb3 {[%emt 0:08:19] White is slightly better.} Qb6 9. Nxg6 hxg6 10. c5 Qc7 11. Bf4 Qc8 12. Bd6 (12. g4 $11) 12... Bxd6 $15 13. cxd6 O-O 14. e4 c5 (14... dxe4 $11 15. fxe4 c5) 15. e5 $1 $14 (15. exd5 exd5 (15... cxd4 16. dxe6 dxc3 17. e7 $16) 16. Nxd5 Qe6+ 17. Ne3 Qxb3 18. axb3 cxd4 $11) 15... Nfd7 {[%emt 0:02:27] [#] Threatens to win with ...Nc6.} 16. f4 $1 Nc6 17. dxc5 Nd4 18. Qa4 Qxc5 19. O-O-O $1 (19. Qxd7 Nc2+ 20. Kd2 Nxa1 $11) 19... Nc6 {[%emt 0:00:07] [#] ...d4 is the strong threat.} 20. Qb5 Qe3+ 21. Kb1 Nc5 (21... g5 $14 22. Qxb7 gxf4 23. Qxc6 (23. Qxd7 Nxe5 24. Qa4 Rab8 $18) 23... Nxe5) 22. Bh3 $16 {[%emt 0:08:03] And now Rhe1 would win.} Ne4 23. Nxe4 (23. Qxb7 $2 {loses.} Nxc3+ 24. Ka1 Nxd1 25. Rxd1 Qe2 $19) 23... Qxe4+ 24. Qd3 Qa4 25. Qb3 {[%emt 0:01:27] Wards off Nb4} Qe4+ 26. Qd3 {[%emt 0:04:25] Black must now prevent Qxe4.} Qa4 27. Rhe1 (27. Qe2 $16) 27... Rfc8 28. Bf1 {[%emt 0:00:00] White is more active.} (28. Re3 $14) 28... Nb4 $11 29. Qb3 Qxb3 30. axb3 Kf8 31. Rc1 a6 {[%emt 0:01:26] Wards off Bb5} 32. Rc3 Ke8 33. Rec1 Rc6 34. Rxc6 bxc6 {[%emt 0:01:45][%mdl 4096] Endgame. KRB-KRN} 35. Rc5 $1 Kd7 36. Kc1 f6 37. Kd2 g5 38. Kc3 a5 (38... Na2+ $15 39. Kd4 gxf4 40. gxf4 fxe5+ 41. fxe5 (41. Kxe5 $2 {perishes.} Rh8 $19) 41... Rf8) 39. h4 gxf4 40. gxf4 Na2+ 41. Kc2 Nb4+ 42. Kc3 Na2+ 43. Kc2 a4 44. Be2 Nb4+ 45. Kc3 Na2+ {[%emt 0:00:07] The position is equal.} 46. Kc2 Nb4+ 47. Kc3 Na2+ {[%emt 0:00:14] Weighted Error Value: White=0.13 (very precise) /Black=0.13 (very precise) .  Mistake:       	White=3     	Black=3      Inaccurate:     	White=2     	Black=3      OK:         	White=15    	Black=20     Best:        	White=4     	Black=2      Strong:       	White=4     	---} 1/2-1/2

[Event "NY Presidents Day Schiller-C 2024"]
[Site "New York"]
[Date "2024.02.16"]
[Round "2.1"]
[White "Gaw, Chloe"]
[Black "Czebe, Attila"]
[Result "0-1"]
[ECO "E32"]
[WhiteElo "1928"]
[BlackElo "2346"]
[Annotator "TA"]
[PlyCount "100"]
[EventDate "2024.02.14"]
[EventType "schev"]
[EventCountry "USA"]
[SourceTitle "playchess.com"]
[Source "ChessBase"]
[SourceQuality "1"]
[TimeControl "5400+30"]

1. d4 e6 2. c4 Bb4+ 3. Nc3 b6 4. Nf3 Bb7 5. Qc2 f5 6. a3 Bxc3+ 7. Qxc3 Nf6 8. e3 O-O 9. b3 d6 10. Bb2 {[%emt 0:00:46] The position is equal.} Nbd7 11. Bd3 Qe7 12. O-O-O (12. O-O $11 {remains equal.}) 12... Ne4 13. Qe1 {[%emt 0:02:02] [#]} b5 $1 {[%emt 0:00:38] Black is more active.} 14. cxb5 a6 (14... Bd5 $17 15. Nd2 Nxd2 16. Kxd2 Bxg2 (16... Bxb3 17. Rc1 $11)) 15. Nd2 $11 axb5 {[%emt 0:00:46] Threatening ...c5.} 16. f3 $1 Nxd2 17. Qxd2 c5 {[%emt 0:00:47][%cal Oc5c4] ...c4! would now be deadly.} 18. Bxb5 Bd5 19. Qd3 cxd4 20. Bxd7 (20. exd4 $14 {keeps the upper hand.} Rfb8 21. Kb1) 20... Qxd7 $17 21. Qxd4 (21. exd4 $142 Rab8 22. b4) 21... Bxb3 22. Rd2 Bd5 23. Re1 (23. Rc2 {keeps fighting.}) 23... Rfb8 $19 {[%emt 0:05:34] Threatens to win with ...Ra4.} 24. e4 {[%emt 0:04:21] [#]} fxe4 25. fxe4 {[%emt 0:01:12] [#]} Ra4 (25... Ba2 $1 $19 {and Black stays clearly on top. White must now prevent ...Ra4.} 26. Re3 Ra6 (26... e5 27. Qxe5 Qc8+ 28. Qc3 $11)) 26. Qxg7+ $17 Qxg7 27. Bxg7 Bxe4 (27... Rxe4 28. Rxe4 Bxe4 29. Re2 $11) 28. Rd4 ({White should play} 28. Bb2) 28... Rxd4 (28... Bxg2 $2 {perishes.} 29. Rxa4 Kxg7 30. Rg1 $18 (30. Rxe6 d5 $18) (30. Rg4+ Kf6 $18)) (28... Rxa3 29. Rexe4 Ra1+ (29... Kxg7 30. Rxe6 Ra1+ 31. Kc2 $11) 30. Kd2 Kxg7 31. Rxd6 $16) 29. Bxd4 {[%emt 0:00:03][%mdl 4096] Endgame. KRB-KRB} Rb1+ 30. Kd2 Rxe1 31. Kxe1 Bxg2 {[%emt 0:00:04] ...Kf7 is the strong threat. KB-KB} 32. Kf2 $2 {[%emt 0:01:25][%mdl 8192] Loses the game.} (32. Bb2 $17) 32... Bc6 $19 33. Ba7 Kf7 34. Bb8 Ke7 35. Ke3 e5 36. Kd3 Ke6 37. Kc4 Bb7 38. Kb5 d5 {[%emt 0:10:45] Hoping for ...d4.} 39. Bc7 d4 40. Kc5 Kf5 (40... d3 $142 41. Ba5 Kf5) 41. a4 Ke4 42. Kc4 Ba6+ {[%emt 0:00:09] Black mates.} 43. Kb3 Kd5 44. Ba5 e4 45. Kc2 e3 46. Be1 d3+ 47. Kd1 Ke4 48. a5 Kf3 49. Bb4 h5 50. h4 d2 {[%emt 0:00:09] Weighted Error Value: White=0.78/Black=0.27 (precise) .  Loses game:     	White=1     	---        Mistake:       	White=5     	Black=2      Inaccurate:     	White=2     	Black=1      OK:         	White=7     	Black=9      Best:        	White=2     	Black=3      Strong:       	White=1     	---} 0-1

[Event "NY Presidents Day Schiller-C 2024"]
[Site "New York"]
[Date "2024.02.16"]
[Round "2.2"]
[White "Mou, Iris"]
[Black "Quesada Vera, Liordis"]
[Result "0-1"]
[ECO "B12"]
[WhiteElo "2128"]
[BlackElo "2337"]
[Annotator "RC"]
[PlyCount "78"]
[EventDate "2024.02.14"]
[EventType "schev"]
[EventCountry "USA"]
[SourceTitle "playchess.com"]
[Source "ChessBase"]
[SourceQuality "1"]
[TimeControl "5400+30"]

1. e4 d6 2. d4 c6 3. Nc3 Qa5 4. Nf3 e5 5. Bc4 h6 6. Bd2 Qc7 7. a4 Nf6 8. h3 Be7 9. a5 Nbd7 10. Be3 Nf8 11. O-O g5 12. dxe5 dxe5 13. Nxe5 Qxe5 14. Bd4 Qf4 15. g3 Qb8 16. e5 Nd5 17. e6 Rh7 18. Nxd5 cxd5 19. Bb5+ Kd8 20. Bd3 Bxe6 21. Bxh7 Nxh7 22. Qh5 Qc8 23. Rac1 Qc4 24. Rfd1 Ke8 25. Qxh6 Nf8 26. Qh5 Bf5 27. b3 Qb5 28. c4 dxc4 29. bxc4 Qc6 30. Re1 Ne6 31. Qh8+ Kd7 32. Qxa8 Bxh3 33. f3 Qxf3 34. Re2 Qxg3+ 35. Kh1 Qf3+ 36. Kg1 Nxd4 37. Rd1 Qg4+ 38. Kh1 Bg2+ 39. Kg1 Bd5+ 0-1